 Dungeon Crawl Stone Soup version 0.28.0-1-gb440e238dd (webtiles) character file.

Game seed: 17184001800091841388

63 spaghetti the Sneak (level 3, -6/29 HPs)
             Began as a Demonspawn Delver on Feb 19, 2022.
             Killed from afar by an orc wizard (9 damage)
             ... with a puff of flame
             ... on level 5 of the Dungeon.
             The game lasted 00:01:20 (827 turns).

spaghetti the Sneak (Demonspawn Delver)              Turns: 827, Time: 00:01:21

Health: -6/29      AC: 15    Str: 14    XL:     3   Next: 87%
Magic:  3/3        EV:  4    Int: 11    God:
Gold:   0          SH:  0    Dex: 14    Spells: 2/2 levels left

rFire   . . .      SeeInvis .   a - +0 falchion
rCold   . . .      Faith    .   (no shield)
rNeg    . . .      Spirit   .   h - +1 plate armour
rPois   .          Reflect  .   (no helmet)
rElec   .          Harm     .   (no cloak)
rCorr   .          Rampage  .   (no gloves)
Will    .....                   e - +1 pair of boots
Stlth   ..........              (no amulet)
HPRegen 0.09/turn               (no ring)
MPRegen 0.08/turn               (no ring)

@: no status effects
A: icy blue scales 1
a: no special abilities


You were on level 5 of the Dungeon.
You visited 1 branch of the dungeon, and saw 3 of its levels.

Inventory:

Hand Weapons
 a - a +0 falchion (weapon)
Armour
 b - a +0 leather armour
 e - a +1 pair of boots (worn)
 h - a +1 plate armour (worn)
Wands
 g - a wand of digging (3)
Scrolls
 c - a scroll of fog
 d - a scroll of magic mapping
Potions
 f - a potion of haste


   Skills:
 - Level 3.0 Fighting
 + Level 3.9 Long Blades
 - Level 1.7 Dodging
 - Level 4.5 Stealth


You had 2 spell levels left.
You didn't know any spells.
Your spell library was empty.

Dungeon Overview and Level Annotations

Branches:
Dungeon (6/15)
 Temple: D:4-7

Altars:


Innate Abilities, Weirdness & Mutations

You are partially covered in icy blue scales. (AC +2)


Message History

* * * LOW HITPOINT WARNING * * *
Okay, then.
Okay, then.
You are too confused!
You miss the orc wizard.
The orc wizard is almost dead.
The orc wizard hits you but does no damage.
You hit the orc wizard but do no damage.
The orc wizard is almost dead.
The orc wizard mumbles some strange words.
The orc wizard flickers and vanishes!
Deactivating autopickup; reactivate with Ctrl-A.
You bump into the rock wall.
You hear some strange, mumbled words.
A magic dart appears from out of thin air!
The magic dart hits you but does no damage.
You bump into the rock wall.
You feel less confused. Something hits you but does no damage.
You miss something. Your punch misses something.
Something hits you but does no damage.
You miss something. Something hits you but does no damage.
You miss something. Something hits you but does no damage.
You hit something.
You hear some strange, mumbled words.
A puff of flame appears from out of thin air!
The puff of flame hits you.
* * * LOW HITPOINT WARNING * * *
Unknown command.
You hit something but do no damage. Something hits you.
* * * LOW HITPOINT WARNING * * *
You convulse.
* * * LOW HITPOINT WARNING * * *
Something hits you but does no damage.
Unknown command.
Unknown command.
You hear some strange, mumbled words.
A puff of flame appears from out of thin air!
The puff of flame hits you!
You die...

###.###### #.....#
#........####.....# #
#.#...............#
#.#.#..###.####.....#
###.#....###.# #.....#
..........##.######.####
##.#....###.#.........#
.. #.#.####.#.####.##.# #
#..o{.@..# #.##.#
###.###### ##.##.# #'#
#..##.# #)).# #.###.#
#.....# ##.# #.#
#.......# #.##..###.#
#.........##.........####
+.........+..............
#.........####...########


You could see an orc.

Vanquished Creatures
  An orc wizard (D:5)
  3 orcs (D:5)
4 creatures vanquished.

Vanquished Creatures (collateral kills)
  A hound (D:5)
  An orc (D:5)
2 creatures vanquished.

Grand Total: 6 creatures vanquished

Notes
Turn   | Place    | Note
-------+----------+-------------------------------------------
     0 | D:5      | spaghetti the Demonspawn Delver began the quest for the
                  | Orb.
     0 | D:5      | Reached XP level 1. HP: 18/18 MP: 1/1
    15 | D:6      | Noticed a hound
    56 | D:5      | Killed a hound
    57 | D:5      | Gained mutation: You are partially covered in icy blue
                  | scales. (AC +2) [demonic ancestry]
    57 | D:5      | Reached XP level 2. HP: 8/24 MP: 2/2
    57 | D:5      | Reached XP level 3. HP: 10/29 MP: 3/3
   338 | D:4      | Noticed a black bear
   827 | D:5      | Killed from afar by an orc wizard

Illustrated notes

Levels and vault maps discovered:
D:4:      layout_rooms, serial_shops, shop_scrolls, nicolae_shop_hallway_plus,
          nicolae_take_the_stairs, uniq_edmund, uniq_sigmund
D:5:      black_bear_nest_2, layout_loops_corners, chequers_jeans
D:6:      layout_layer_cave

Skill      XL: |  1 |
---------------+----+-----
Long Blades    | 3 |  3.9
Fighting       | |  3.0
Dodging        | |  1.7
Stealth        | |  4.5

Action                   || total
-------------------------++-------
Melee: Falchion          ||    51
  Use: Scroll            ||     3
Armor: Plate armour      ||    56
Dodge: Dodged            ||    11
